Map: Newkirk Precinct TE (Void)

Players

Nerchio

  • Race: Zerg Zerg
  • Spawn Location: 5:00

Neeb - Winner!

  • Race: Protoss Protoss
  • Spawn Location: 7:00

Event: WCS Austin 2017

VOD

Have the link to the VOD?

Description

Time

  • Played on: April 30, 2017, 3:26 p.m.
  • Length: 20:59

All games in this series

Show
View Real Time Build Order
Export as new Build Order

Nerchio Zerg 

Build Orders: Hatch First 

Get SALT Encoding   

  12  0:00  Drone  
  13  0:13  Overlord  
  13  0:18  Drone  
  14  0:31  Drone x2  
  14  0:34  Drone  
  17  0:53  Hatchery  
  17  0:56  Drone  
  17  0:59  Drone  
  18  1:07  Extractor  
  17  1:15  Spawning Pool  
  16  1:18  Drone  
  16  1:22  Drone  
  18  1:28  Drone  
  19  1:38  Overlord  
  19  1:50  Drone  
  20  2:01  Queen  
  20  2:05  Queen  
  20  2:06  Metabolic Boost  
  24  2:09  Zergling x2  
  24  2:13  Zergling x2  
  26  2:16  Drone  
  26  2:19  Drone  
  26  2:22  Drone  
  29  2:28  Drone  
  30  2:32  Drone  
  31  2:37  Drone  
  32  2:49  Hatchery  
  32  2:50  Zergling x2  
  32  2:54  Overlord  
  32  2:57  Zergling x2  
  33  3:00  Drone  
  33  3:04  Drone  
  35  3:10  Drone  
  35  3:11  Overlord  
  35  3:12  Drone  
  36  3:13  Drone  
  36  3:17  Drone  
  36  3:19  Drone  
  38  3:20  Drone x2  
  38  3:22  Drone  
  41  3:31  Queen  
  41  3:33  Drone x2  
  45  3:37  Spore Crawler  
  45  3:40  Drone x2  
  46  3:42  Drone  
  46  3:46  Drone, Spore Crawler  
  46  3:48  Zergling x2  
  48  3:51  Zergling x2  
  48  3:54  Zergling x2  
  50  4:00  Queen  
  50  4:01  Overlord  
  52  4:09  Zergling x4  
  54  4:13  Queen  
  56  4:18  Drone  
  56  4:19  Drone x3  
  56  4:20  Roach Warren  
  56  4:22  Drone  
  56  4:23  Drone  
  61  4:24  Drone  
  61  4:27  Overlord  
  61  4:30  Extractor  
  61  4:31  Overlord  
  61  4:35  Overlord  
  59  4:53  Extractor  
  59  4:58  Spore Crawler  
  57  5:04  Roach  
  57  5:05  Roach x5  
  69  5:08  Lair  
  69  5:11  Drone x8  
  69  5:13  Drone  
  78  5:18  Evolution Chamber  
  78  5:19  Overlord  
  76  5:23  Roach x3  
  76  5:27  Overlord  
  81  5:31  Overlord  
  80  5:38  Roach  
  80  5:39  Roach x2  
  86  5:47  Roach x2  
  89  5:50  Zerg Melee Weapons Level 1  
  89  5:52  Drone  
  89  5:53  Drone x4  
  93  6:05  Glial Reconstitution  
  93  6:06  Roach x4  
  93  6:07  Roach  
  93  6:10  Overlord  
  103  6:12  Overlord  
  103  6:15  Roach  
  103  6:17  Overlord  
  104  6:25  Roach x2  
  105  6:27  Overlord  
  105  6:31  Roach x2  
  107  6:34  Roach  
  107  6:36  Roach  
  109  6:47  Roach x3  
  113  6:54  Zergling x6  
  113  6:58  Zergling x4  
  113  7:00  Zergling x4  
  119  7:02  Zergling x2  
  119  7:06  Zergling x4  
  119  7:08  Zergling x4  
  124  7:11  Zergling x4  
  124  7:13  Ravager x3  
  124  7:14  Ravager  
  130  7:16  Zergling x4  
  130  7:18  Zergling x2  
  130  7:22  Zergling x4  
  135  7:23  Zergling x2  
  135  7:25  Overlord  
  135  7:27  Zergling x2  
  137  7:33  Zergling x6  
  137  7:34  Zergling x2  
  129  7:40  Roach  
  129  7:41  Roach x3  
  129  7:43  Roach  
  113  7:46  Roach  
  113  7:48  Roach  
  113  7:50  Roach  
  110  7:53  Roach  
  110  7:58  Drone  
  102  7:59  Drone x2  
  102  8:00  Drone x2  
  102  8:01  Extractor  
  102  8:03  Drone  
  99  8:11  Roach  
  99  8:12  Roach x4  
  100  8:21  Spire, Extractor  
  100  8:22  Extractor  
  100  8:25  Drone x3  
  97  8:29  Drone  
  97  8:30  Drone x2  
  97  8:31  Drone x2  
  97  8:34  Drone x2  
  104  8:36  Drone  
  104  8:37  Drone  
  104  8:43  Overseer  
  104  8:45  Drone x3  
  107  9:05  Zerg Melee Weapons Level 2  
  107  9:07  Baneling Nest  
  107  9:08  Drone x3, Hatchery  
  102  9:24  Drone x3  
  101  9:32  Roach x11  
  101  9:33  Roach  
  101  9:38  Roach x2  
  129  9:48  Roach x5  
  139  9:53  Centrifical Hooks  
  139  9:58  Overlord x2  
  139  10:02  Overlord  
  139  10:09  Overlord  
  139  10:18  Zergling x10  
  139  10:19  Zergling x6  
  147  10:22  Zergling x2  
  147  10:23  Zergling x4  
  147  10:24  Zergling x2  
  147  10:25  Zergling x2  
  152  10:31  Zergling x4  
  152  10:32  Zergling x4  
  152  10:33  Zergling x2  
  152  10:34  Zergling x2  
  158  10:40  Zergling x4  
  160  10:44  Ravager  
  160  10:45  Ravager x12  
  160  10:47  Baneling x4  
  160  10:48  Baneling  
  173  10:51  Overlord  
  173  10:54  Baneling x5  
  173  10:58  Overlord  
  173  10:59  Overlord  
  173  11:02  Baneling  
  173  11:03  Baneling x6  
  173  11:04  Baneling  
  173  11:05  Baneling  
  173  11:06  Zergling x2  
  173  11:08  Zergling x2  
  173  11:11  Baneling x5  
  175  11:13  Zergling x4  
  175  11:15  Zergling x2  
  178  11:24  Zergling x2  
  178  11:25  Zergling x14  
  180  11:30  Zergling x8  
  169  11:37  Roach x2  
  169  11:38  Roach x2  
  136  11:41  Roach  
  136  11:43  Roach  
  136  11:45  Roach  
  136  11:47  Roach  
  113  11:48  Roach  
  113  11:50  Roach  
  113  11:54  Roach x2  
  105  11:56  Roach  
  105  12:00  Roach x2  
  110  12:03  Roach  
  110  12:07  Ravager x6  
  118  12:10  Drone x3  
  118  12:12  Drone  
  118  12:13  Drone  
  118  12:14  Drone  
  124  12:20  Baneling x4  
  124  12:21  Infestation Pit, Baneling  
  123  12:23  Drone x2  
  123  12:26  Drone, Extractor  
  123  12:27  Drone  
  123  12:29  Drone, Extractor  
  126  12:30  Drone  
  127  12:38  Drone  
  127  12:40  Roach x3  
  129  12:54  Queen  
  131  13:01  Infestor x3, Hive  
  137  13:06  Roach  
  137  13:07  Roach x3  
  144  13:13  Zergling x10  
  144  13:47  Overlord x3  
  143  13:51  Zergling x10, Roach x2  
  143  13:52  Roach x8  
  143  13:53  Ravager x8  
  143  13:54  Baneling x2  
  143  13:55  Baneling x3  
  175  14:00  Baneling x4  
  175  14:09  Burrow  
  173  14:18  Zergling x2  
  173  14:19  Zergling x24  
  173  14:23  Baneling x5  
  185  14:26  Neural Parasite  
  185  14:29  Viper  
  188  14:36  Infestor  
  190  14:48  Infestor  
  190  14:51  Hatchery  
  191  14:53  Infestor  
  188  15:10  Baneling x14  
  184  15:25  Corruptor x2  
  188  15:30  Zergling x8  
  188  15:31  Zergling x18  
  191  15:37  Roach  
  191  15:38  Roach x3  
  194  15:48  Roach  
  194  15:49  Roach x7  
  195  15:56  Roach x4  
  181  15:59  Roach x2  
  180  16:06  Adrenal Glands  
  180  16:08  Baneling  
  177  16:12  Baneling x2  
  177  16:14  Zergling x2  
  177  16:15  Zergling x8  
  182  16:30  Drone x3  
  182  16:31  Infestor  
  179  16:50  Drone  
  179  16:51  Drone x2  
  179  16:52  Zergling x12  
  179  16:53  Zergling x10  
  193  17:00  Greater Spire  
  193  17:01  Corruptor x2  
  193  17:02  Corruptor  
  199  17:14  Baneling x5  
  199  17:18  Extractor  
  198  17:32  Baneling x6  
  198  17:35  Overseer  
  197  17:42  Zergling x18  
  193  17:45  Zergling x12  
  193  17:50  Zerg Melee Weapons Level 3  
  199  17:59  Spore Crawler  
  199  18:01  Spore Crawler  
  199  18:02  Spore Crawler x2  
  199  18:03  Spore Crawler  
  199  18:04  Corruptor  
  196  18:07  Spore Crawler x2  
  196  18:09  Spore Crawler, Corruptor  
  196  18:11  Spore Crawler, Baneling  
  196  18:12  Baneling  
  194  18:13  Spore Crawler  
  194  18:18  Extractor  
  191  18:24  Zergling x6  
  191  18:25  Zergling x2  
  192  18:29  Hatchery  
  190  18:35  Drone  
  190  18:36  Drone x4  
  190  18:41  Baneling x2  
  195  18:51  Spire  
  195  18:55  Brood Lord  
  195  19:07  Corruptor  
  197  19:12  Corruptor  
  199  19:17  Baneling  
  199  19:18  Baneling x5  
  199  19:29  Corruptor  
  197  19:37  Spore Crawler  
  184  19:42  Drone x4  
  185  19:47  Baneling x5  
  185  19:48  Baneling  
  185  19:49  Baneling  
  185  19:50  Baneling  
  185  19:51  Baneling  
  181  20:04  Corruptor  
  181  20:05  Corruptor  
  173  20:14  Drone x2  
  173  20:17  Drone  
  173  20:19  Spore Crawler  
  173  20:20  Drone  
  168  20:27  Corruptor x2  
  161  20:33  Zergling x2  
  160  20:36  Zergling x2  
Show
View Real Time Build Order
Export as new Build Order

Neeb Protoss - Winner!

Build Orders: 1 Gate Expand, Oracle Opening, Phoenix Opening 

Get SALT Encoding   

  12  0:01  Probe (Chrono Boost)  
  13  0:11  Probe (Chrono Boost)  
  14  0:18  Pylon  
  14  0:22  Probe (Chrono Boost)  
  15  0:36  Probe (Chrono Boost)  
  15  0:40  Gateway  
  16  0:46  Probe (Chrono Boost)  
  16  0:48  Assimilator  
  18  0:57  Probe (Chrono Boost)  
  18  1:07  Probe (Chrono Boost)  
  19  1:20  Nexus  
  19  1:24  Probe (Chrono Boost)  
  20  1:34  Cybernetics Core  
  20  1:37  Probe (Chrono Boost)  
  21  1:45  Assimilator  
  21  1:47  Probe (Chrono Boost)  
  21  1:53  Pylon  
  22  1:58  Probe (Chrono Boost)  
  23  2:07  Adept  
  23  2:11  Warp Gate  
  23  2:13  Probe (Chrono Boost)  
  26  2:25  Probe (Chrono Boost)  
  27  2:33  Stargate  
  27  2:34  Probe (Chrono Boost), Adept  
  29  2:37  Probe (Chrono Boost)  
  31  2:45  Probe (Chrono Boost)  
  31  2:49  Probe (Chrono Boost)  
  33  2:55  Probe (Chrono Boost)  
  34  2:58  Adept  
  34  3:01  Probe (Chrono Boost)  
  37  3:06  Probe (Chrono Boost)  
  37  3:12  Oracle  
  39  3:13  Probe (Chrono Boost)  
  39  3:17  Probe (Chrono Boost)  
  43  3:25  Probe (Chrono Boost)  
  43  3:26  Pylon  
  44  3:27  Probe (Chrono Boost)  
  45  3:35  Gateway x2  
  45  3:37  Probe (Chrono Boost)  
  46  3:44  Probe (Chrono Boost)  
  46  3:46  Pylon  
  46  3:47  Twilight Council, Phoenix  
  48  3:49  Probe (Chrono Boost)  
  48  3:55  Probe (Chrono Boost)  
  51  3:56  Assimilator  
  51  4:04  Pylon  
  51  4:05  Pylon  
  51  4:06  Probe (Chrono Boost)  
  51  4:09  Probe (Chrono Boost)  
  51  4:11  Resonating Glaives  
  52  4:18  Probe (Chrono Boost)  
  52  4:19  Probe (Chrono Boost)  
  52  4:23  Pylon  
  53  4:26  Adept  
  53  4:30  Probe (Chrono Boost)  
  56  4:33  Adept x2  
  60  4:43  Nexus  
  60  4:49  Probe (Chrono Boost)  
  60  4:50  Pylon  
  62  4:55  Adept x3  
  69  5:01  Probe (Chrono Boost)  
  69  5:03  Mothership Core (Chrono Boost)  
  70  5:10  Assimilator  
  70  5:11  Probe (Chrono Boost)  
  71  5:16  Adept x2  
  71  5:17  Adept  
  78  5:22  Probe (Chrono Boost)  
  78  5:23  Robotics Facility, Probe (Chrono Boost)  
  77  5:32  Probe (Chrono Boost), Pylon  
  77  5:35  Probe (Chrono Boost)  
  77  5:40  Forge  
  77  5:43  Probe (Chrono Boost)  
  77  5:47  Probe (Chrono Boost)  
  79  5:50  Adept x2  
  79  5:52  Adept  
  79  5:54  Probe (Chrono Boost)  
  86  5:59  Probe (Chrono Boost)  
  86  6:00  Probe (Chrono Boost)  
  88  6:04  Probe (Chrono Boost)  
  88  6:07  Protoss Ground Weapons Level 1  
  88  6:09  Immortal  
  88  6:10  Probe (Chrono Boost)  
  90  6:11  Probe (Chrono Boost), Sentry x2  
  90  6:12  Sentry  
  90  6:16  Probe (Chrono Boost)  
  101  6:21  Probe (Chrono Boost)  
  103  6:26  Probe (Chrono Boost)  
  103  6:32  Probe (Chrono Boost)  
  103  6:33  Probe (Chrono Boost)  
  103  6:39  Probe (Chrono Boost)  
  102  6:41  Assimilator  
  102  6:42  Assimilator  
  102  6:44  Immortal  
  98  6:49  Probe (Chrono Boost), Gateway  
  98  6:50  Gateway  
  98  6:51  Gateway  
  98  6:52  Templar Archives, Gateway  
  99  6:54  Zealot x2  
  99  6:56  Pylon  
  99  6:57  Sentry  
  99  7:00  Probe (Chrono Boost)  
  104  7:05  Probe (Chrono Boost)  
  104  7:06  Probe (Chrono Boost)  
  104  7:07  Charge  
  106  7:10  Gateway  
  106  7:13  Pylon  
  106  7:18  Zealot, Immortal, Sentry  
  110  7:27  Zealot  
  110  7:38  Zealot  
  110  7:42  Zealot  
  92  7:51  Sentry x2  
  92  7:52  Adept  
  92  7:53  Immortal  
  89  7:59  Adept  
  84  8:09  Adept x3  
  90  8:13  Adept  
  90  8:18  Pylon  
  84  8:22  Pylon  
  84  8:23  Zealot, Sentry x2  
  88  8:29  Nexus  
  88  8:31  Warp Prism  
  92  8:34  Probe x2 (Chrono Boost)  
  92  8:42  Psionic Storm  
  92  8:43  Sentry  
  92  8:46  Probe (Chrono Boost)  
  92  8:47  High Templar  
  97  8:49  Protoss Ground Weapons Level 2, Zealot, High Templar  
  97  8:50  Zealot x3  
  108  8:55  Probe (Chrono Boost)  
  108  8:57  Pylon  
  108  8:58  Pylon  
  108  9:01  Probe (Chrono Boost)  
  109  9:08  Probe (Chrono Boost)  
  110  9:13  Probe (Chrono Boost)  
  111  9:21  Probe (Chrono Boost)  
  112  9:24  Phoenix  
  112  9:25  Observer  
  107  9:37  Pylon, Stalker  
  107  9:38  High Templar, Zealot x4  
  119  9:50  Adept  
  119  9:51  Adept  
  123  9:53  Phoenix  
  125  10:01  Immortal  
  125  10:04  Photon Cannon  
  127  10:13  Nexus  
  127  10:18  Adept x3  
  133  10:27  High Templar x2  
  133  10:35  Immortal  
  129  10:37  High Templar  
  129  10:38  High Templar  
  129  10:39  Zealot x4  
  129  10:42  Probe x3 (Chrono Boost), Archon  
  148  10:43  Photon Cannon  
  148  10:58  Protoss Ground Weapons Level 3  
  148  10:59  Assimilator  
  148  11:02  High Templar  
  148  11:03  High Templar  
  148  11:04  Assimilator, Zealot x3  
  156  11:08  Archon  
  156  11:16  Immortal  
  156  11:18  Pylon x2  
  156  11:22  Pylon  
  156  11:25  Pylon  
  137  11:38  Archon  
  108  11:42  Zealot x2  
  108  11:46  Zealot x3  
  106  11:49  High Templar x3  
  108  11:57  Probe (Chrono Boost), Immortal  
  108  11:58  Probe x3 (Chrono Boost)  
  112  12:07  Probe (Chrono Boost)  
  118  12:09  Sentry  
  118  12:10  High Templar, Probe x3 (Chrono Boost), Sentry  
  118  12:11  Zealot x2  
  130  12:18  Probe (Chrono Boost)  
  130  12:22  Robotics Facility, Probe x3 (Chrono Boost)  
  134  12:24  Photon Cannon  
  134  12:32  Immortal  
  134  12:33  Adept x2  
  138  12:41  High Templar  
  138  12:42  High Templar  
  142  12:55  High Templar x2  
  142  12:56  Archon  
  142  12:58  Phoenix  
  146  12:59  Photon Cannon  
  146  13:01  Archon  
  146  13:02  Nexus  
  146  13:03  Pylon  
  146  13:07  Immortal  
  154  13:12  Immortal  
  154  13:17  Pylon  
  154  13:26  High Templar x4  
  162  13:30  Archon  
  162  13:31  Archon  
  152  13:52  Probe x2 (Chrono Boost)  
  152  13:53  Probe (Chrono Boost)  
  155  13:57  Immortal  
  163  14:05  Nexus  
  163  14:08  Observer  
  160  14:10  Zealot x6  
  160  14:11  Zealot  
  160  14:12  Zealot  
  160  14:17  Protoss Shields Level 1  
  158  14:25  Zealot x8  
  158  14:26  Photon Cannon  
  158  14:27  Pylon  
  158  14:31  Fleet Beacon  
  174  14:32  Stargate  
  174  14:37  Stargate  
  174  14:47  Oracle  
  174  14:50  Assimilator  
  168  15:12  Carrier x2  
  162  15:21  Zealot x5  
  162  15:22  Zealot x3  
  196  15:40  Assimilator, Photon Cannon  
  196  15:42  Photon Cannon  
  166  15:54  Immortal x2  
  166  15:56  High Templar x2  
  166  15:57  High Templar x2  
  148  16:17  Carrier  
  148  16:19  Photon Cannon  
  148  16:21  Zealot x4  
  156  16:31  High Templar x2  
  156  16:32  Zealot x2  
  169  16:35  Archon  
  169  16:43  Nexus  
  165  16:47  Carrier  
  165  16:48  Immortal  
  165  16:53  High Templar  
  177  17:04  Assimilator  
  177  17:26  Zealot x3  
  177  17:27  Zealot x5  
  177  17:29  Protoss Shields Level 2  
  175  17:36  Carrier  
  175  17:42  Protoss Air Weapons Level 1  
  171  17:47  Carrier  
  183  18:00  Photon Cannon  
  183  18:02  Photon Cannon  
  183  18:04  Photon Cannon  
  183  18:16  Gateway, Nexus  
  183  18:18  Gateway  
  183  18:19  Gateway  
  183  18:21  Gateway  
  183  18:22  High Templar, Gateway  
  183  18:23  High Templar  
  183  18:25  Zealot x2  
  183  18:26  Zealot  
  189  18:33  Photon Cannon  
  189  18:36  Zealot  
  191  18:45  High Templar x2  
  195  18:52  Photon Cannon  
  195  18:54  Pylon  
  184  19:08  High Templar x2  
  188  19:14  High Templar, Archon  
  188  19:16  Probe (Chrono Boost)  
  192  19:18  Probe (Chrono Boost)  
  171  19:49  Zealot x4  
  179  19:53  Assimilator  
  179  19:58  Assimilator  
  163  20:33  Zealot x7  
  176  20:53  Archon  
Tags
 
Add a new tag
Caveats
  • Supply blocks, unpowered buildings, or Contaminate may cause inaccurate times.
  • Supply counts are checked every 10 seconds.